 Dungeon Sprint DCSS version 0.28-a0-883-gc8d7bad45d (webtiles) character file.

Game seed: 2466132138070534895

609 mhtbhm the Fighter (level 7, -2/72 HPs)
             Began as a Minotaur Fighter on Nov 21, 2021.
             Was an Initiate of Gozag.
             Slain by Sonja (4 damage)
             ... in the Dungeon (Sprint I: "Red Sonja").
             The game lasted 00:01:04 (735 turns).

mhtbhm the Fighter (Minotaur Fighter)                Turns: 735, Time: 00:01:05

Health: -2/72      AC:  8    Str: 23    XL:     7   Next: 19%
Magic:  6/6        EV: 10    Int:  5    God:    Gozag
Gold:   484        SH:  6    Dex:  9    Spells: 6/6 levels left

rFire   . . .      SeeInvis .   a - +0 flail
rCold   . . .      Faith    .   c - +0 buckler
rNeg    . . .      Spirit   .   b - +0 scale mail
rPois   .          Reflect  .   (helmet restricted)
rElec   .          Harm     .   (no cloak)
rCorr   .          Rampage  .   (no gloves)
Will    .....      NoTele   +   (no boots)
Stlth   ..........              (no amulet)
HPRegen 0.22/turn               (no ring)
MPRegen 0.10/turn               (no ring)

@: mighty, lethally poisoned (-2 -> -50)
A: horns 2, retaliatory headbutt
a: Renounce Religion, Potion Petition, Call Merchant, Bribe Branch


You were in the Dungeon.
You worshipped Gozag.
Gozag was aware of your devotion.
You visited 1 branch You collected 484 gold pieces.

Inventory:

Hand Weapons
 a - a +0 flail (weapon)
Missiles
 i - 2 boomerangs (quivered)
Armour
 b - a +0 scale mail (worn)
 c - a +0 buckler (worn)
Scrolls
 j - a scroll of blinking
Potions
 g - a potion of haste
 h - 2 potions of magic


   Skills:
 + Level 10.3 Fighting
 + Level 9.1 Maces & Flails
 + Level 10.1 Armour
 + Level 2.1 Dodging
 + Level 9.9 Shields


You had 6 spell levels left.
You didn't know any spells.
Your spell library was empty.

Dungeon Overview and Level Annotations

Branches:
Dungeon (1/1)

Altars:
Cheibriados
Dithmenos
Elyvilon
Fedhas
Gozag
Hepliaklqana
Kikubaaqudgha
Makhleb
Nemelex Xobeh
Okawaru
Qazlal
Ru
Sif Muna
Trog
Uskayaw
Vehumet
Wu Jian
Xom
Yredelemnul
Zin
The Shining One
Jiyva
Lugonu

Shops:
D =

Annotations:
D Sonja


Innate Abilities, Weirdness & Mutations

You have a pair of horns on your head.
You reflexively headbutt those who attack you in melee.


Message History

You are lethally poisoned!
Sonja hits you but does no damage.
You are more poisoned.
Sonja hits you but does no damage. x2
You are more poisoned.
* * * LOW HITPOINT WARNING * * *
You feel extremely sick.
Sonja mumbles some strange words.
Sonja blinks!
* * * LOW HITPOINT WARNING * * *
You feel extremely sick.
Sonja casts a spell.
Sonja blinks!
You can move again.
You feel much better.
You feel extremely sick.
You completely miss Sonja.
Sonja is lightly wounded.
* * * LOW HITPOINT WARNING * * *
You feel very sick.
Sonja hits you with a +0 short sword of venom.
* * * LOW HITPOINT WARNING * * *
You are more poisoned.
You block Sonja's attack.
Sonja hits you with a +0 short sword of venom.
* * * LOW HITPOINT WARNING * * *
You are more poisoned.
You miss Sonja. Your headbutt misses Sonja.
Sonja is lightly wounded.
* * * LOW HITPOINT WARNING * * *
You feel extremely sick.
Sonja casts a spell.
Sonja blinks!
Sonja hits you with a +0 short sword of venom.
* * * LOW HITPOINT WARNING * * *
You are more poisoned.
You block Sonja's attack.
Sonja hits you with a +0 short sword of venom.
You die...
Your body crumbles into a pile of gold.

######################
#<.#..)..#..'..#__#..+
#..').#..').#..'..'..#
#..#####'#####'#__####
#..####..#...#[#### $
#..#__####..##.# $$
#..#_____##'#_.+
#⌠⌠#_.∩...'K.._# $$
####_..__##_@#'#
$$#_____###§#.#$ $
####### #.### $ $ $.$
$$ $$ $.$ $ ##.##
$#+#$ $ $ $ $ $$ $$


You could see Sonja.

Vanquished Creatures
  A slime creature (D)
  A yak (D)
  Sigmund (D)
  An ogre (D)
  A jelly (D)
  Ijyb (D)
6 creatures vanquished.

Notes
Turn   | Place    | Note
-------+----------+-------------------------------------------
     0 | D        | mhtbhm the Minotaur Fighter began the quest for the Orb.
     0 | D        | Reached XP level 1. HP: 19/19 MP: 0/0
     2 | D        | Noticed Ijyb
    12 | D        | Killed Ijyb
    13 | D        | Reached skill level 5 in Fighting
    13 | D        | Reached skill level 5 in Armour
    13 | D        | Reached skill level 5 in Shields
    13 | D        | Reached XP level 2. HP: 10/29 MP: 1/1
   221 | D        | Noticed an ogre
   224 | D        | Killed an ogre
   225 | D        | Reached XP level 3. HP: 38/38 MP: 2/2
   225 | D        | Reached XP level 4. HP: 45/45 MP: 3/3
   307 | D        | Noticed Sigmund
   312 | D        | Killed Sigmund
   313 | D        | Reached XP level 5. HP: 40/56 MP: 4/4
   400 | D        | Found an ornate altar of the Wu Jian Council.
   400 | D        | Found a shimmering blue altar of Sif Muna.
   402 | D        | Found a radiant altar of Vehumet.
   405 | D        | Reached XP level 6. HP: 62/62 MP: 5/5
   443 | D        | Found Fotoeg's Jewellery Emporium.
   443 | D        | Found an ancient bone altar of Kikubaaqudgha.
   443 | D        | Found a hazy altar of Hepliaklqana.
   443 | D        | Found a stormy altar of Qazlal.
   443 | D        | Found a hide-covered altar of Uskayaw.
   443 | D        | Found a blossoming altar of Fedhas.
   443 | D        | Found a bloodstained altar of Trog.
   443 | D        | Found an iron altar of Okawaru.
   443 | D        | Found a basalt altar of Yredelemnul.
   443 | D        | Found a glowing golden altar of the Shining One.
   443 | D        | Found a snail-covered altar of Cheibriados.
   443 | D        | Found a sacrificial altar of Ru.
   443 | D        | Found a glowing silver altar of Zin.
   443 | D        | Found a shadowy altar of Dithmenos.
   443 | D        | Found a white marble altar of Elyvilon.
   443 | D        | Noticed a yak
   452 | D        | Killed a yak
   453 | D        | Reached skill level 1 in Dodging
   453 | D        | Found an opulent altar of Gozag.
   454 | D        | Found a sparkling altar of Nemelex Xobeh.
   461 | D        | Became a worshipper of Gozag Ym Sagoz the Greedy
   566 | D        | Found a burning altar of Makhleb.
   566 | D        | Found a viscous altar of Jiyva.
   566 | D        | Found a shimmering altar of Xom.
   566 | D        | Found a corrupted altar of Lugonu.
   566 | D        | Noticed a slime creature
   572 | D        | Killed a slime creature
   573 | D        | Reached skill level 10 in Fighting
   573 | D        | Reached skill level 10 in Armour
   573 | D        | Reached XP level 7. HP: 39/72 MP: 6/6
   723 | D        | Noticed Sonja
   727 | D        | Paralysed by Sonja for 6 turns
   735 | D        | HP: 2/72 [Sonja (4)]
   735 | D        | Slain by Sonja

Illustrated notes

Levels and vault maps discovered:
D:        dungeon_sprint_1 [red_sonja_temple_1, red_sonja_temple_small_1]

Skill      XL: |  1  2  3  4  5  6 |
---------------+-------------------+-----
Fighting       | 5 6 8 10 | 10.3
Maces & Flails | 3 4 6 9 |  9.1
Armour         | 5 6 8 10 | 10.1
Shields        | 5 7 8 9 |  9.9
Dodging        | 2 |  2.1

Action                   |  1- 3 |  4- 6 |  7- 9 || total
-------------------------+-------+-------+-------++-------
Melee: Flail             |    11 |    19 |     4 ||    34
       Headbutt          |     1 |     6 |       ||     7
  Use: Potion            |     1 |       |     3 ||     4
Armor: Scale mail        |     2 |     2 |     5 ||     9
Dodge: Dodged            |     2 |     6 |     2 ||    10
Block: Buckler           |     1 |     2 |     4 ||     7

Table legend: (Time is in decaauts)
 A = Elapsed time spent in this place.
 B = Non-inter-level travel time spent in this place.
 C = Inter-level travel time spent in this place.
 D = Time resting spent in this place.
 E = Time spent auto-exploring this place.
 F = Levels seen in this place.
 G = Mean time per level.
                   A        B        C        D        E       F      G
               +--------+--------+--------+--------+--------+-----+--------+
         Total |    752 |    752 |      0 |    565 |      0 |   1 |  752.0 |
       Dungeon |    752 |    752 |      0 |    565 |      0 |   1 |  752.0 |
               +--------+--------+--------+--------+--------+-----+--------+

Top non-repeatable levels by time:
       D: 752 daAuts
